[Event "Titled Tuesday Blitz July 18 Early 2023"]
[White "Bueno, Alfeu Junior Varela"]
[Black "Saim, Mohamed Ilias"]
[WhiteFideId "2108879"]
[BlackFideId "7900465"]
[WhiteElo "2406"]
[BlackElo "1911"]
[Result "1-0"]
[Round "2"]
[TimeControl "180+2"]
[Date "2023.07.18"]
[WhiteClock "0:00:12"]
[BlackClock "0:00:00"]
[Board "215"]

1. e4 c6 2. d4 d5 3. f3 e5 4. dxe5 Qb6 5. exd5 Bc5 6. Nh3 Bxh3 7. gxh3 Bf2+ 8. Ke2 Bh4 9. Nc3 Na6 10. Be3 Qxb2 11. Bd4 Nb4 12. dxc6 Qxc2+ 13. Qxc2 Nxc2 14. Rd1 Nxd4+ 15. Rxd4 Be7 16. cxb7 Rb8 17. Nb5 Rxb7 18. Nd6+ Bxd6 19. Rxd6 Rb2+ 20. Ke3 Rxa2 21. Bb5+ Ke7 22. Rc1 g6 23. Rc7+ Kf8 24. e6 Nh6 25. Rd8+ Kg7 26. Rxh8 Kxh8 27. exf7 Ra3+ 28. Kf4 Kg7 29. Bc4 Ra4 30. Kg5 Rxc4 31. Rxc4 Nxf7+ 32. Kg4 h5+ 33. Kf4 Nd6 34. Ra4 Nc8 35. Ke5 Kf7 36. h4 Ke7 37. Ra6 Kf7 38. Rc6 Ne7 39. Rc7 Kf8 40. Ke6 1-0


[Site "https://www.chess.com"]

[Event "Titled Tuesday Blitz July 18 Early 2023"]
[White "Navyblue1"]
[Black "Goswami, Vedant"]
[BlackFideId "5003725"]
[WhiteElo "1875"]
[BlackElo "2406"]
[Result "0-1"]
[Round "2"]
[TimeControl "180+2"]
[Date "2023.07.18"]
[WhiteClock "0:00:00"]
[BlackClock "0:01:35"]
[Board "216"]

1. d4 a6 2. c4 c6 3. e4 d5 4. cxd5 cxd5 5. e5 Nc6 6. Nc3 Bf5 7. a3 e6 8. Nf3 Nge7 9. h3 Be4 10. Be3 Nf5 11. Be2 Be7 12. O-O O-O 13. Qd2 f6 14. Rad1 Bxf3 15. Bxf3 fxe5 16. Bg4 exd4 17. Bxf5 Rxf5 18. Bxd4 Nxd4 19. Qxd4 Bf6 20. Qb4 Qc7 21. Rc1 Qf7 0-1


[Site "https://www.chess.com"]

[Event "Titled Tuesday Blitz July 18 Early 2023"]
[White "Gyulamiryan-koryun"]
[Black "Chitlange Sakshi"]
[BlackFideId "35002899"]
[WhiteElo "1862"]
[BlackElo "2405"]
[Result "0-1"]
[Round "2"]
[TimeControl "180+2"]
[Date "2023.07.18"]
[WhiteClock "0:00:00"]
[BlackClock "0:00:21"]
[Board "217"]

1. d4 Nf6 2. c4 e6 3. Nf3 Bb4+ 4. Bd2 Qe7 5. g3 Nc6 6. Bg2 Bxd2+ 7. Qxd2 Ne4 8. Qc2 Qb4+ 9. Nbd2 Nxd2 10. Qxd2 Qxc4 11. O-O O-O 12. b3 Qb4 13. Qd3 Qe7 14. e4 d6 15. h4 e5 16. d5 Nb8 17. Rac1 Na6 18. Qc2 Bg4 19. Nd2 Rac8 20. a3 c6 21. dxc6 Rxc6 22. Qd3 Rfc8 23. Rxc6 Rxc6 24. Nc4 Be6 25. Rc1 b5 26. Bf1 bxc4 27. bxc4 Nc5 28. Qb1 Rb6 29. Qc2 Qb7 30. Rd1 h6 31. a4 Qxe4 32. Qc3 Qb7 33. a5 Rb3 34. Qc2 Rb2 35. Qc3 Rxf2 36. Rxd6 Qb1 37. Rd8+ Kh7 38. Kxf2 Ne4+ 39. Kg2 Nxc3 40. Bd3+ Qxd3 41. Rxd3 Ne4 42. Re3 Bxc4 43. g4 g6 44. Kf3 f5 45. gxf5 gxf5 46. Re1 Bd5 47. Ke3 Kg6 48. Rc1 f4+ 49. Ke2 Ng3+ 50. Kf2 Kf5 51. Rc7 a6 52. Rh7 h5 53. Rh6 Bc4 54. Rc6 Bd3 55. Rd6 e4 56. Rd5+ Kg4 57. Rg5+ Kxh4 58. Rg8 Kh3 59. Rf8 e3+ 60. Kf3 Be4+ 61. Kxf4 e2 62. Re8 e1=Q 63. Rxe4 Qxe4+ 64. Kg5 Qf5+ 65. Kh6 Qf6+ 0-1


[Site "https://www.chess.com"]

[Event "Titled Tuesday Blitz July 18 Early 2023"]
[White "Castillo Pena, Patricia Evarista"]
[Black "Mazurkiewicz, Michal"]
[WhiteFideId "6412106"]
[BlackFideId "1124943"]
[WhiteElo "1837"]
[BlackElo "2403"]
[Result "0-1"]
[Round "2"]
[TimeControl "180+2"]
[Date "2023.07.18"]
[WhiteClock "0:00:00"]
[BlackClock "0:00:19"]
[Board "218"]

1. d4 Nf6 2. Nf3 g6 3. Nc3 d5 4. Bf4 Bg7 5. e3 O-O 6. Be2 Nh5 7. Bg5 h6 8. Bh4 g5 9. Bg3 c6 10. Ne5 Nxg3 11. hxg3 Nd7 12. Ng4 Kh7 13. Bd3+ f5 14. Nxh6 Bxh6 15. Qh5 Rf6 16. Bxf5+ Kg7 17. O-O-O Nf8 18. Bd3 Qd6 19. f4 g4 20. Kb1 Bd7 21. e4 dxe4 22. Nxe4 Qxd4 23. Nxf6 Qxf6 24. Rde1 Be6 25. f5 Bf7 26. Qxg4+ Qg5 27. Qxg5+ Bxg5 28. g4 Nh7 29. f6+ Nxf6 30. Rxe7 b5 31. Rc7 Nxg4 32. Rf1 Ne5 33. a3 Rf8 34. Be4 Kg8 35. Bxc6 Ba2+ 36. Kxa2 Rxf1 37. Bd5+ Kf8 38. Rxa7 Rf2 0-1


[Site "https://www.chess.com"]

[Event "Titled Tuesday Blitz July 18 Early 2023"]
[White "Villarreal, Agustin"]
[Black "Da Paz, Leonardo Gadelha"]
[WhiteFideId "125687"]
[BlackFideId "2109743"]
[WhiteElo "2401"]
[BlackElo "1812"]
[Result "1/2-1/2"]
[Round "2"]
[TimeControl "180+2"]
[Date "2023.07.18"]
[WhiteClock "0:00:28"]
[BlackClock "0:00:34"]
[Board "219"]

1. e4 c5 2. Nf3 e6 3. d4 cxd4 4. Nxd4 a6 5. Bd3 b5 6. O-O Bb7 7. a4 b4 8. c3 Nc6 9. Nf3 Nf6 10. Re1 d6 11. Bd2 d5 12. exd5 Nxd5 13. Be4 Be7 14. cxb4 Ncxb4 15. Bxb4 Bxb4 16. Nbd2 O-O 17. Qb3 a5 18. Rad1 Qf6 19. Bb1 g6 20. Ne4 Qg7 21. Re2 Rfd8 22. h3 Rab8 23. Qc2 Rbc8 24. Qd3 Be7 25. Qb3 Nb4 26. Rxd8+ Rxd8 27. Re1 Bd5 28. Qc3 Qxc3 29. bxc3 Nc6 30. Nd4 Nxd4 31. cxd4 Bxe4 32. Rxe4 Rb8 33. Bd3 Bb4 34. Bb5 Rc8 35. g3 Rc1+ 36. Kg2 Rd1 37. h4 Rd2 38. h5 f5 39. Rxe6 Rxd4 40. hxg6 hxg6 41. Rxg6+ Kf7 42. Ra6 Ke7 43. Ra7+ Kd6 44. Rd7+ Kc5 45. Rxd4 Kxd4 46. Bd7 Ke5 47. Kf3 Bd2 48. Bb5 Bc3 49. Ke2 Bd4 50. f3 Bc5 51. Kf1 Bb4 52. Kg2 Bc5 53. Kh3 Be3 54. g4 fxg4+ 55. fxg4 Bg5 56. Kg3 Kd4 57. Kf3 Bh6 58. Kg3 Bg5 59. Kg2 Ke3 60. Kg3 Bh6 61. Kh3 Kf4 62. Kh4 Bg5+ 63. Kh5 Bf6 64. Kg6 Bg5 65. Kh5 Bf6 66. Bc6 Bg5 67. Bd7 Bf6 68. Be8 Bg5 69. Bf7 Bf6 70. Be8 Bg5 71. Bd7 Bf6 72. Bc6 Bg5 73. Bb5 1/2-1/2


[Site "https://www.chess.com"]

[Event "Titled Tuesday Blitz July 18 Early 2023"]
[White "Nan M K Khine Hlyan"]
[Black "Melikhov, Evgeny V."]
[WhiteFideId "13002899"]
[BlackFideId "4122046"]
[WhiteElo "1753"]
[BlackElo "2401"]
[Result "0-1"]
[Round "2"]
[TimeControl "180+2"]
[Date "2023.07.18"]
[WhiteClock "0:00:14"]
[BlackClock "0:01:06"]
[Board "220"]

1. e4 c5 2. Nf3 d6 3. d4 cxd4 4. Nxd4 Nf6 5. Nc3 a6 6. Be2 e6 7. Be3 Be7 8. O-O O-O 9. f4 Qc7 10. Kh1 Nc6 11. Nb3 b5 12. a3 Bb7 13. Qe1 Rfe8 14. Qf2 b4 15. axb4 Nxb4 16. Nd4 Nxe4 17. Nxe4 Bxe4 18. c3 Nd3 19. Bxd3 Bxd3 20. f5 Bxf1 21. Rxf1 e5 22. Ne2 Bf6 23. g4 h6 24. h4 Qe7 25. g5 hxg5 26. hxg5 Bxg5 27. Ng3 Bxe3 28. Qxe3 Qh4+ 29. Kg2 Rab8 30. b4 a5 31. f6 axb4 32. Ne4 bxc3 33. Rh1 Qf4 34. Qh3 Rb2+ 35. Nd2 Rxd2+ 0-1


[Site "https://www.chess.com"]

[Event "Titled Tuesday Blitz July 18 Early 2023"]
[White "Gabdushev, Ruslan"]
[Black "Kaiyrbekov, Rustam"]
[WhiteFideId "4137833"]
[BlackFideId "13702424"]
[WhiteElo "2401"]
[BlackElo "1675"]
[Result "1-0"]
[Round "2"]
[TimeControl "180+2"]
[Date "2023.07.18"]
[WhiteClock "0:01:41"]
[BlackClock "0:02:02"]
[Board "221"]

1. b3 e5 2. Bb2 Nc6 3. e3 d5 4. Bb5 Bd6 5. f4 Bd7 6. Bxc6 Bxc6 7. fxe5 Be7 8. Nf3 Qd7 9. O-O O-O-O 10. Nd4 Nh6 11. Qh5 Qg4 12. Qxg4+ Nxg4 13. Rxf7 Bc5 14. Nxc6 bxc6 15. Rxg7 Rhf8 16. Rxg4 1-0


[Site "https://www.chess.com"]

[Event "Titled Tuesday Blitz July 18 Early 2023"]
[White "Nakamura, Hikaru"]
[Black "Papasimakopoulos, Alexandros"]
[WhiteFideId "2016192"]
[BlackFideId "4244125"]
[WhiteElo "3248"]
[BlackElo "2738"]
[Result "1-0"]
[Round "3"]
[TimeControl "180+2"]
[Date "2023.07.18"]
[WhiteClock "0:00:31"]
[BlackClock "0:00:03"]
[Board "1"]

1. a3 d5 2. e3 c5 3. b4 c4 4. Bb2 Bf5 5. d3 cxd3 6. Bxd3 Bg6 7. Nf3 e6 8. Bb5+ Nc6 9. Ne5 Ne7 10. h4 h5 11. c4 a6 12. Bxc6+ bxc6 13. Nd2 f6 14. Nxg6 Nxg6 15. Qc2 Kf7 16. Rd1 Bd6 17. Nf3 Rc8 18. e4 dxe4 19. Qxe4 Qe7 20. c5 Bb8 21. g3 Rhd8 22. O-O Rd5 23. Rfe1 Qd7 24. Qe2 Rd8 25. Rxd5 Qxd5 26. Nd4 Be5 27. Rd1 a5 28. Rd2 axb4 29. Nf3 Qxf3 30. Qxf3 Rxd2 31. Bxe5 Nxe5 32. Qxh5+ Kf8 33. axb4 Rd4 34. Qh8+ Kf7 35. Qb8 Kg6 36. Qe8+ Kf5 37. Qh5+ Ke4 38. Qe2+ Kd5 39. Qa2+ Ke4 40. Qxe6 Kf3 41. Qf5+ Ke2 42. Kg2 Nd3 43. Qe6+ Kd2 44. b5 Nxc5 45. Qe3+ 1-0


[Site "https://www.chess.com"]

[Event "Titled Tuesday Blitz July 18 Early 2023"]
[White "Dehtiarov, Roman"]
[Black "Firouzja, Alireza"]
[WhiteFideId "14186640"]
[BlackFideId "12573981"]
[WhiteElo "2734"]
[BlackElo "3102"]
[Result "0-1"]
[Round "3"]
[TimeControl "180+2"]
[Date "2023.07.18"]
[WhiteClock "0:00:00"]
[BlackClock "0:02:38"]
[Board "2"]

1. c4 g6 2. g3 Bg7 3. Bg2 d6 4. Nc3 Nf6 5. e4 O-O 6. Nge2 c6 7. O-O Nbd7 8. d3 a6 9. a4 a5 10. h3 e5 11. Be3 Nc5 12. f4 exf4 13. Bxf4 Nh5 14. d4 Nxf4 15. gxf4 Na6 16. Kh2 c5 17. Nd5 Re8 18. f5 cxd4 19. f6 Bh6 20. Nxd4 Nc5 21. Nb5 Be6 22. Ne7+ Rxe7 23. fxe7 Qxe7 24. Qxd6 Qxd6+ 25. Nxd6 Bg7 26. Rad1 Bxb2 27. Kh1 Be5 28. Nb5 Nxa4 29. Nd4 Bxc4 30. Rg1 Nc3 31. Rd2 a4 32. Nf3 Nxe4 33. Rc2 Bd3 34. Rcc1 Bf4 35. Rcf1 Ng3+ 36. Kh2 Nxf1+ 0-1


[Site "https://www.chess.com"]

[Event "Titled Tuesday Blitz July 18 Early 2023"]
[White "Dubov, Daniil"]
[Black "Suyarov, Mukhammadzokhid"]
[WhiteFideId "24126055"]
[BlackFideId "14210495"]
[WhiteElo "3090"]
[BlackElo "2732"]
[Result "1-0"]
[Round "3"]
[TimeControl "180+2"]
[Date "2023.07.18"]
[WhiteClock "0:00:25"]
[BlackClock "0:00:10"]
[Board "3"]

1. e4 e6 2. Nf3 d5 3. Nc3 Nf6 4. e5 Nfd7 5. Ne2 c5 6. c3 Nc6 7. d4 Be7 8. h4 O-O 9. Nf4 Qa5 10. Bd3 h6 11. O-O b5 12. Bb1 Rd8 13. Nh5 b4 14. Bxh6 gxh6 15. Qd3 Nf8 16. Qd2 f5 17. exf6 Bd6 18. Qxh6 Rd7 19. Ng5 Qc7 20. Re1 Nd8 21. f7+ Rxf7 22. Nxf7 Qxf7 23. Nf6+ Qxf6 24. Qxf6 bxc3 25. bxc3 Nc6 26. Bg6 Bd7 27. Re3 Be7 28. Qf7+ Kh8 29. Qf4 cxd4 30. Qh6+ Kg8 31. Rg3 Bd6 32. f4 Nxg6 33. Qxg6+ Kf8 34. Qg8+ Ke7 35. Rg7+ Kf6 36. Qf7# 1-0


[Site "https://www.chess.com"]

[Event "Titled Tuesday Blitz July 18 Early 2023"]
[White "Xu, Yi"]
[Black "Theodorou, Nikolas"]
[WhiteFideId "8605564"]
[BlackFideId "4262875"]
[WhiteElo "2731"]
[BlackElo "3087"]
[Result "1/2-1/2"]
[Round "3"]
[TimeControl "180+2"]
[Date "2023.07.18"]
[WhiteClock "0:00:57"]
[BlackClock "0:00:59"]
[Board "4"]

1. e4 e5 2. Nf3 Nc6 3. Bc4 Nf6 4. d3 Bc5 5. O-O d6 6. c3 a6 7. a4 Ba7 8. Nbd2 O-O 9. h3 h6 10. Re1 Re8 11. b4 Be6 12. Bxe6 Rxe6 13. Qc2 Qd7 14. Rb1 Rd8 15. b5 Ne7 16. Nf1 Nh5 17. d4 Ng6 18. Be3 Ngf4 19. Ng3 Rg6 20. Kh2 axb5 21. axb5 Re8 22. Nh4 Rg5 23. Nf3 Rg6 24. Nh4 Rg5 25. Nf3 Rg6 1/2-1/2


[Site "https://www.chess.com"]

[Event "Titled Tuesday Blitz July 18 Early 2023"]
[White "Bortnyk, Olexandr"]
[Black "Panesar Vedant"]
[WhiteFideId "14120828"]
[BlackFideId "35033018"]
[WhiteElo "3032"]
[BlackElo "2729"]
[Result "1-0"]
[Round "3"]
[TimeControl "180+2"]
[Date "2023.07.18"]
[WhiteClock "0:01:08"]
[BlackClock "0:00:00"]
[Board "5"]

1. e4 e5 2. Nf3 Nc6 3. Bb5 Nf6 4. Qe2 Bd6 5. c3 a6 6. Ba4 O-O 7. d3 b5 8. Bc2 Be7 9. O-O d5 10. h3 h6 11. Rd1 d4 12. Nbd2 Be6 13. Nf1 a5 14. Ng3 Qd7 15. Nh4 dxc3 16. bxc3 b4 17. Bb2 bxc3 18. Bxc3 Bb4 19. Bb2 Nd4 20. Bxd4 exd4 21. Nhf5 Bc3 22. Rac1 Bxa2 23. e5 Rae8 24. f4 Be6 25. Nxg7 Kxg7 26. exf6+ Kh7 27. Qe4+ Kh8 28. f5 Bd5 29. Qf4 Kh7 30. Ne4 Bxe4 31. dxe4 Qd6 32. Qxd6 cxd6 33. Rb1 Rb8 34. Bb3 Rb4 35. Bd5 d3 36. Rxb4 axb4 37. Rxd3 Bxf6 38. Bb3 Bc3 39. Rxd6 Re8 40. Bd5 f6 41. Rd7+ Kh8 42. Rb7 Rd8 43. Kf2 Rc8 44. Kf3 Bd2 45. Kg4 Bc3 46. Kh5 1-0


[Site "https://www.chess.com"]

[Event "Titled Tuesday Blitz July 18 Early 2023"]
[White "Martinez Alcantara, Jose Eduardo"]
[Black "Fiorito, Joaquin"]
[WhiteFideId "3805662"]
[BlackFideId "180173"]
[WhiteElo "3028"]
[BlackElo "2726"]
[Result "1-0"]
[Round "3"]
[TimeControl "180+2"]
[Date "2023.07.18"]
[WhiteClock "0:01:06"]
[BlackClock "0:00:13"]
[Board "6"]

1. e4 c5 2. Nf3 d6 3. c3 Nf6 4. h3 Nc6 5. Bd3 e5 6. Bc2 d5 7. exd5 Qxd5 8. Qe2 h6 9. d3 Bf5 10. Nbd2 O-O-O 11. Ne4 Be7 12. Nfd2 Qd7 13. a4 Nxe4 14. dxe4 Be6 15. Nc4 Bg5 16. Ne3 Kb8 17. a5 Qc7 18. a6 b6 19. O-O Be7 20. Nd5 Bxd5 21. exd5 Rxd5 22. Qf3 Rdd8 23. Be4 Na5 24. Qxf7 Bf6 25. Qa2 c4 26. Be3 Nb3 27. Rad1 Bg5 28. Bxg5 hxg5 29. Qa4 Nd2 30. Rfe1 Rhf8 31. Qc2 Nb3 32. Qe2 b5 33. Bf3 Nc5 34. Rxd8+ Rxd8 35. Qxe5 Nd3 36. Qxb5+ Qb6 37. Qxb6+ axb6 38. Re7 Nc5 39. a7+ 1-0


[Site "https://www.chess.com"]

[Event "Titled Tuesday Blitz July 18 Early 2023"]
[White "Stoyanov, Tsvetan"]
[Black "Sarana, Alexey"]
[WhiteFideId "2917173"]
[BlackFideId "24133795"]
[WhiteElo "2724"]
[BlackElo "3024"]
[Result "0-1"]
[Round "3"]
[TimeControl "180+2"]
[Date "2023.07.18"]
[WhiteClock "0:00:03"]
[BlackClock "0:00:05"]
[Board "7"]

1. c4 e6 2. Nc3 d5 3. e3 Nf6 4. Nf3 Bd6 5. b3 b6 6. Bb2 Bb7 7. cxd5 exd5 8. d4 O-O 9. Bd3 Re8 10. O-O Nbd7 11. Nb5 Bf8 12. Rc1 c6 13. Nc3 Ne4 14. Ne2 Bd6 15. Nd2 f5 16. Nf3 Qf6 17. Ng3 Re7 18. Rc2 Rae8 19. Qc1 g5 20. Rxc6 g4 21. Ne5 Bxc6 22. Qxc6 Qe6 23. Nxf5 Qxf5 24. Qxd5+ Qe6 25. Qxe4 Nf6 26. Qf4 Nd5 27. Qg5+ Rg7 28. Qh5 Nf6 29. Qh4 Qe7 30. Bc4+ Kh8 31. Nc6 Qf8 32. d5 Rg6 33. Bd3 Rh6 34. Bxf6+ Qxf6 35. Qxf6+ Rxf6 36. e4 a5 37. Re1 Rh6 38. e5 Rh5 39. f4 gxf3 40. exd6 Rxe1+ 41. Kf2 Rxd5 42. Kxe1 fxg2 43. Bc4 g1=Q+ 44. Ke2 Rxd6 45. Ne5 Qxh2+ 46. Ke3 Qxe5+ 47. Kf3 Rf6+ 0-1


[Site "https://www.chess.com"]

[Event "Titled Tuesday Blitz July 18 Early 2023"]
[White "Duda, Jan-Krzysztof"]
[Black "Leiva, Gianmarco"]
[WhiteFideId "1170546"]
[BlackFideId "3804399"]
[WhiteElo "3019"]
[BlackElo "2719"]
[Result "1-0"]
[Round "3"]
[TimeControl "180+2"]
[Date "2023.07.18"]
[WhiteClock "0:00:04"]
[BlackClock "0:00:02"]
[Board "8"]

1. e4 c5 2. Nf3 d6 3. Bb5+ Nd7 4. O-O a6 5. Bd3 Ngf6 6. c3 b5 7. a4 Bb7 8. Re1 c4 9. Bc2 e6 10. d4 cxd3 11. Qxd3 Be7 12. axb5 axb5 13. Rxa8 Qxa8 14. Nbd2 O-O 15. Qxb5 Nc5 16. Qe2 Ba6 17. c4 Rb8 18. b3 e5 19. Ba3 Nfd7 20. Ra1 Ne6 21. b4 Rc8 22. g3 Nf6 23. Bd3 Bb7 24. Bb2 Qb8 25. Nb3 Bd8 26. c5 Ba8 27. Ba6 Rc6 28. b5 Rxc5 29. Nxc5 Nxc5 30. Ba3 Bb6 31. Bxc5 Bxc5 32. Nd2 h5 33. Kg2 Ng4 34. f3 Nf6 35. Nb3 Bb6 36. Rc1 Kh7 37. Rc8 Qa7 38. Qd3 Bg1 39. Rc2 Qb6 40. Bc8 g5 41. Bf5+ Kg7 42. Rd2 Be3 43. Rd1 g4 44. Nd2 Bb7 45. Nc4 gxf3+ 46. Kxf3 Qd4 47. Nxe3 Bxe4+ 48. Bxe4 Nxe4 49. Qxd4 Ng5+ 50. Ke2 exd4 51. b6 Ne4 1-0


[Site "https://www.chess.com"]

[Event "Titled Tuesday Blitz July 18 Early 2023"]
[White "Hilary46"]
[Black "Xu, Xiangyu"]
[BlackFideId "8608288"]
[WhiteElo "2711"]
[BlackElo "2986"]
[Result "0-1"]
[Round "3"]
[TimeControl "180+2"]
[Date "2023.07.18"]
[WhiteClock "0:00:08"]
[BlackClock "0:00:26"]
[Board "9"]

1. e4 c5 2. Nf3 Nc6 3. d4 cxd4 4. Nxd4 e5 5. Nb5 a6 6. Nd6+ Bxd6 7. Qxd6 Qf6 8. Qd2 Qg6 9. Nc3 Nf6 10. Qg5 d6 11. Qxg6 hxg6 12. f3 Nb4 13. Bd3 d5 14. exd5 Nxd3+ 15. cxd3 Bf5 16. Bg5 Bxd3 17. Kf2 Rc8 18. h3 Nd7 19. Rhd1 Bb5 20. Nxb5 axb5 21. Rac1 O-O 22. d6 f6 23. Be3 Kf7 24. Rc7 Rxc7 25. dxc7 Ke6 26. Bc5 Rc8 27. Rd6+ Ke7 28. Ba3 Rxc7 29. Rb6+ Kd8 30. Rxb5 Rc2+ 31. Kf1 Kc7 32. h4 Kc6 33. Rb4 b5 34. Rg4 Nb6 35. Rxg6 Nd5 36. Rxg7 b4 37. Bxb4 Nxb4 38. h5 Rxb2 39. h6 Rb1+ 40. Ke2 Rh1 41. h7 Nxa2 42. f4 Kd5 43. fxe5 Kxe5 44. g4 Nc3+ 45. Kd3 Rh3+ 46. Kc4 Ne4 47. Kb5 Ng5 48. Re7+ Kf4 49. Kc4 Rxh7 50. Re8 Kxg4 51. Kd3 f5 52. Ke2 f4 53. Kf2 Ra7 54. Rg8 Ra2+ 55. Kg1 f3 56. Kf1 Kf4 57. Rf8+ Kg3 58. Ke1 f2+ 59. Kd1 Ra1+ 60. Ke2 Re1+ 61. Kd2 0-1


[Site "https://www.chess.com"]

[Event "Titled Tuesday Blitz July 18 Early 2023"]
[White "Oparin, Grigoriy"]
[Black "Matinian, Nikita"]
[WhiteFideId "24125890"]
[BlackFideId "24129100"]
[WhiteElo "2980"]
[BlackElo "2710"]
[Result "1-0"]
[Round "3"]
[TimeControl "180+2"]
[Date "2023.07.18"]
[WhiteClock "0:00:44"]
[BlackClock "0:00:33"]
[Board "10"]

1. c4 e5 2. Nc3 Nf6 3. Nf3 Nc6 4. g3 Bb4 5. Bg2 O-O 6. Nd5 e4 7. Nh4 Re8 8. O-O g5 9. Nf5 d6 10. d3 Nxd5 11. Nh6+ Kg7 12. cxd5 Ne5 13. Qa4 a5 14. d4 Bd7 15. Qc2 Kxh6 16. a3 Ng6 17. axb4 axb4 18. Rxa8 Qxa8 19. Qxc7 Qd8 20. Qxd6 Bf5 21. Qc5 b6 22. Qxb4 Qxd5 23. Qxb6 Bg4 24. h4 Bxe2 25. Bxg5+ Kg7 26. Qf6+ Kg8 27. Bh6 1-0


[Site "https://www.chess.com"]

[Event "Titled Tuesday Blitz July 18 Early 2023"]
[White "Van Foreest, Jorden"]
[Black "Atakhan, Abtin"]
[WhiteFideId "1039784"]
[BlackFideId "22502203"]
[WhiteElo "2968"]
[BlackElo "2710"]
[Result "0-1"]
[Round "3"]
[TimeControl "180+2"]
[Date "2023.07.18"]
[WhiteClock "0:00:06"]
[BlackClock "0:00:02"]
[Board "11"]

1. e4 c5 2. Nf3 d6 3. d4 cxd4 4. Nxd4 Nf6 5. Nc3 a6 6. a4 e5 7. Nf3 Nc6 8. Bc4 Be7 9. O-O Na5 10. Ba2 Be6 11. Bg5 O-O 12. Bxf6 Bxf6 13. Nd5 Rc8 14. c3 Nc6 15. Re1 Ne7 16. Re2 Nxd5 17. Bxd5 Qb6 18. a5 Qb5 19. Bxe6 fxe6 20. Rd2 Be7 21. Qa4 Rc5 22. Qxb5 Rxb5 23. Ne1 Rc8 24. f3 Rc6 25. Nd3 Rc4 26. Kf1 Bd8 27. Nc1 Rc6 28. Ke2 Bxa5 29. Ra4 Bd8 30. Nd3 Be7 31. Rc2 Bf6 32. c4 Rb3 33. Nc1 Rb5 34. b4 d5 35. c5 a5 36. Rxa5 Rxb4 37. Nd3 Rc4 38. Rb2 dxe4 39. fxe4 Rxe4+ 40. Kd2 Rd4 41. Rb4 e4 42. Rxd4 Bxd4 43. Nf4 Rxc5 44. Ra8+ Kf7 45. Rb8 Rb5 46. Ne2 Rb2+ 47. Kd1 Be5 48. g3 Bxb8 0-1


[Site "https://www.chess.com"]

[Event "Titled Tuesday Blitz July 18 Early 2023"]
[White "Basso, Pier Luigi"]
[Black "Svane, Rasmus"]
[WhiteFideId "866970"]
[BlackFideId "4657101"]
[WhiteElo "2703"]
[BlackElo "2965"]
[Result "0-1"]
[Round "3"]
[TimeControl "180+2"]
[Date "2023.07.18"]
[WhiteClock "0:00:09"]
[BlackClock "0:00:53"]
[Board "12"]

1. d4 d5 2. c4 e6 3. Nf3 a6 4. cxd5 exd5 5. Nc3 Nf6 6. Bg5 Be6 7. e3 Nbd7 8. Bd3 Bd6 9. Qc2 c6 10. a3 Qc7 11. Bh4 Bg4 12. Bg3 O-O 13. O-O Bh5 14. b4 Bg6 15. Rfc1 Bxd3 16. Qxd3 Bxg3 17. hxg3 Nb6 18. Nd2 Qe7 19. a4 Rfc8 20. Rab1 Rc7 21. Rc2 g6 22. Ra2 Rac8 23. Ne2 Ne8 24. a5 Nd7 25. Qc2 Nd6 26. Nf4 Nf6 27. Nd3 Kg7 28. Nf3 h5 29. Kf1 Rh8 30. Ke2 Ng4 31. Nde5 Ne4 32. Nxg4 hxg4 33. Ne5 Qe6 34. Nd3 Rh2 35. Rg1 Qf5 36. Qb3 Re7 37. Ke1 Nxg3 38. fxg3 Rxe3+ 39. Kd2 Rxd3+ 40. Qxd3 Qf2+ 41. Qe2 Qxg1 42. Qe5+ Kh7 43. Kc3 Qc1+ 44. Kb3 Qb1+ 45. Rb2 Qd3+ 46. Ka2 Qc4+ 47. Ka3 Rh1 48. Qe2 Ra1+ 49. Ra2 Qxe2 0-1


[Site "https://www.chess.com"]

[Event "Titled Tuesday Blitz July 18 Early 2023"]
[White "Svane, Frederik"]
[Black "Alex_Sahakyan2006"]
[WhiteFideId "12923044"]
[WhiteElo "2963"]
[BlackElo "2698"]
[Result "1-0"]
[Round "3"]
[TimeControl "180+2"]
[Date "2023.07.18"]
[WhiteClock "0:00:58"]
[BlackClock "0:00:01"]
[Board "13"]

1. e4 e5 2. Nf3 Nc6 3. Bb5 Nf6 4. O-O Nxe4 5. d4 Nd6 6. Bxc6 dxc6 7. dxe5 Nf5 8. Qxd8+ Kxd8 9. h3 h5 10. Nc3 Ke8 11. Bf4 Be6 12. Ng5 Rh6 13. Rad1 Be7 14. Rfe1 Bb4 15. a3 Bxc3 16. bxc3 Rg6 17. Kh2 a5 18. g4 hxg4 19. hxg4 Ne7 20. Kg3 Nd5 21. Bd2 b5 22. f4 Rxg5 23. fxg5 g6 24. c4 Nb6 25. cxb5 cxb5 26. Be3 Nc4 27. Bc5 Rd8 28. Kf4 Rd5 29. Rxd5 Bxd5 30. Rd1 c6 31. Rd3 Kd7 32. Rh3 Nd2 33. Rh8 Ne4 34. Bb6 b4 35. a4 Nc3 36. Bxa5 c5 37. Rd8+ Ke6 38. Rd6+ Ke7 39. Bb6 Be6 40. Bxc5 Ke8 41. a5 Nd5+ 42. Kg3 Nc7 43. a6 Bc4 44. a7 b3 45. cxb3 Bxb3 46. Bb6 Na8 47. Rd8+ Ke7 48. Rxa8 1-0


[Site "https://www.chess.com"]

[Event "Titled Tuesday Blitz July 18 Early 2023"]
[White "Eugene, Floryan"]
[Black "Pranav, V"]
[WhiteFideId "20694784"]
[BlackFideId "25060783"]
[WhiteElo "2698"]
[BlackElo "2956"]
[Result "0-1"]
[Round "3"]
[TimeControl "180+2"]
[Date "2023.07.18"]
[WhiteClock "0:00:08"]
[BlackClock "0:00:05"]
[Board "14"]

1. d4 Nf6 2. c4 g6 3. Nf3 Bg7 4. Nc3 O-O 5. e4 d6 6. Be2 Nbd7 7. O-O e5 8. Be3 Re8 9. d5 a5 10. b3 Nc5 11. Nd2 b6 12. a3 h5 13. b4 Nb7 14. f3 Nh7 15. Qc2 f5 16. c5 bxc5 17. bxc5 Nxc5 18. Bxc5 dxc5 19. Na4 Bf8 20. Nxc5 Qg5 21. Nd3 Ba6 22. Nc4 Bxc4 23. Qxc4 Bd6 24. Kh1 fxe4 25. Qxe4 Nf6 26. Qc4 e4 27. f4 Qxd5 28. Ne5 Kg7 29. Qc3 Bxe5 30. fxe5 Qxe5 31. Qc6 Rad8 32. Rac1 Re7 33. Rc5 Qd6 34. Qb5 Qd2 35. Rc6 Rd6 36. Rcc1 e3 37. Rcd1 Qc3 38. Rc1 Qe5 39. Rxc7 Qxb5 40. Rxe7+ Kf8 41. Bxb5 Kxe7 42. Re1 Re6 43. g3 Re5 44. Bc4 Kd6 45. Kg2 Kc5 46. Bd3 g5 47. Kf3 Nd5 48. Be2 g4+ 49. Kg2 Rf5 50. Rc1+ Kd6 51. Bc4 Rf2+ 52. Kg1 Nf6 53. Re1 Rc2 54. Bd3 Rc3 55. Rxe3 Rxa3 56. Kf2 Nd5 57. h3 Nxe3 58. hxg4 Nxg4+ 59. Kf3 Ne5+ 60. Kf4 Rxd3 61. g4 hxg4 62. Ke4 g3 63. Kf4 g2 64. Ke4 g1=Q 0-1


[Site "https://www.chess.com"]

[Event "Titled Tuesday Blitz July 18 Early 2023"]
[White "Aravindh, Chithambaram VR."]
[Black "2KRK1"]
[WhiteFideId "5072786"]
[WhiteElo "2949"]
[BlackElo "2689"]
[Result "1-0"]
[Round "3"]
[TimeControl "180+2"]
[Date "2023.07.18"]
[WhiteClock "0:00:30"]
[BlackClock "0:00:00"]
[Board "15"]

1. b3 d6 2. Bb2 e5 3. e3 Nf6 4. d4 e4 5. c4 c6 6. d5 Be7 7. Nc3 O-O 8. Nge2 Na6 9. Ng3 cxd5 10. Nxd5 Nxd5 11. Qxd5 Bf6 12. Qd2 Re8 13. Be2 d5 14. O-O dxc4 15. Qxd8 Bxd8 16. Bxc4 Nb4 17. Rfd1 Bg4 18. Rd2 Ba5 19. Bc3 Nc6 20. Bxa5 Nxa5 21. Bd5 Rad8 22. h3 Be6 23. Rad1 Bxd5 24. Rxd5 Rxd5 25. Rxd5 b6 26. Nxe4 h6 27. Nd6 Rd8 28. e4 Nc6 29. Nb5 Re8 30. Nc3 Rc8 31. Rd2 Ne5 32. Nd5 Kf8 33. f4 Nc6 34. Rc2 1-0


[Site "https://www.chess.com"]